 Dungeon Crawl Stone Soup version 0.26.0-45-g9c1d065592 (webtiles) character file.

Game seed: 5265162379412753211

1054 kaeus the Sneak (level 8, -2/54 HPs)
             Began as an Octopode Fighter on Jan 29, 2021.
             Was a Follower of Dithmenos.
             Slain by a centaur (9 damage)
             ... on level 6 of the Dungeon.
             The game lasted 00:04:25 (4223 turns).

kaeus the Sneak (Octopode Fighter)                  Turns: 4223, Time: 00:04:26

Health: -2/54      AC:  1    Str: 16    XL:     8   Next: 26%
Magic:  11/12      EV: 13    Int: 10    God:    Dithmenos [*.....]
Gold:   291        SH: 10    Dex: 13    Spells: 12/12 levels left

rFire    . . .     SeeInvis .   h - +3 short sword (speed)
rCold    . . .     Faith    .   b - +1 kite shield
rNeg     . . .     Spirit   .   (helmet restricted)
rPois    .         Reflect  .   (no amulet)
rElec    .         Harm     .   (no ring)
rCorr    .         Rampage  .   (no ring)
Will     .....                  (no ring)
Stlth    +++++.....             (no ring)
HPRegen  0.18/turn              (no ring)
MPRegen  0.13/turn              (no ring)
                                (no ring)
                                (no ring)

@: wreathed by umbra
A: almost no armour, stealthy swim, amphibious, 8 rings, constrict 8, camouflage
1, gelatinous body 1
a: Renounce Religion


You were on level 6 of the Dungeon.
You worshipped Dithmenos.
Dithmenos was aware of your devotion.
You visited 2 branches of the dungeon, and saw 7 of its levels.

You collected 291 gold pieces.

Inventory:

Hand Weapons
 h - a +3 short sword of speed (weapon)
Missiles
 n - 9 poisoned darts
Armour
 b - a +1 kite shield (worn)
Wands
 f - a wand of iceblast (7)
Scrolls
 a - a scroll of identify
 e - 6 scrolls of remove curse
 g - a scroll of immolation
 j - 3 scrolls of teleportation
Potions
 c - 3 potions of might
 d - 2 potions of haste
 i - 2 potions of brilliance {unknown}
 k - a potion of invisibility
 l - a potion of heal wounds {unknown}
 m - a potion of flight {unknown}
 o - a potion of curing


   Skills:
 + Level 4.7 Fighting
 + Level 4.0 Short Blades
 + Level 4.6 Dodging
 * Level 7.1 Stealth
 + Level 4.5 Shields
 + Level 2.7 Spellcasting


You had 12 spell levels left.
You didn't know any spells.
Your spell library was empty.

Dungeon Overview and Level Annotations

Branches:
Dungeon (6/15)             Temple (1/1) D:4

Altars:
Ashenzari
Dithmenos
Elyvilon
Fedhas
Kikubaaqudgha
Makhleb
Nemelex Xobeh
Okawaru
Qazlal
Sif Muna
Trog
Uskayaw
Vehumet
Xom
Yredelemnul
Zin
The Shining One

Annotations:
D:3 1 runed translucent door, Crazy Yiuf


Innate Abilities, Weirdness & Mutations

You cannot wear most types of armour.
You are very stealthy in the water. (Stealth+)
You are amphibious.
You can wear up to eight rings at the same time.
You can use your tentacles to constrict eight enemies at once.
Your skin changes colour to match your surroundings (Stealth+).
Your rubbery body absorbs attacks. (AC +1, EV +1)


Message History

The centaur is heavily wounded.
The centaur hits you!
You take 7 damage, and have 20/54 hp.
You hit the centaur.
The centaur is severely wounded.
The centaur hits you!
* * * LOW HITPOINT WARNING * * *
You take 6 damage, and have 14/54 hp.
You barely miss the centaur.
The centaur is severely wounded.
The centaur closely misses you.
Your shield prevents you from hitting the centaur.
The centaur is severely wounded.
The centaur hits you!
* * * LOW HITPOINT WARNING * * *
You take 7 damage, and have 7/54 hp.
You hit the centaur.
The centaur is almost dead.
The centaur hits you!
You die...

#.#
##.####
#.....#
#.....# #
#.....#
.#.
#..?..#
...#
#.....#
#..
#c@...####
#
#.........
##
#.....#...
....#
#.....# #
#...
##.#....#
##.#
#.###...#
#.# ##..
#.# .# #.#


You could see a centaur.

Vanquished Creatures
  Grinder (D:5)
  A black bear (D:6)
  A sky beast (D:5)
  2 phantoms
  A centaur (D:6)
  A water moccasin zombie (D:6)
  A howler monkey (D:6)
  3 orc wizards
  An orc priest (D:3)
  Jessica (D:2)
  3 worker ants (D:4)
  5 adders
  A white imp (D:6)
  An ufetubus (D:6)
  2 worms
  A dart slug (D:1)
  2 leopard geckos (D:1)
  7 orcs
  5 bats
  10 giant cockroaches
  5 goblins
  3 hobgoblins
  3 jackals (D:2)
  2 kobolds
  3 quokkas
  A ball python (D:1)
  2 frilled lizards
  A leopard gecko skeleton (D:4)
  A leopard gecko zombie (D:6)
  10 rats
81 creatures vanquished.

Notes
Turn   | Place    | Note
-------+----------+-------------------------------------------
     0 | D:1      | kaeus the Octopode Fighter began the quest for the Orb.
     0 | D:1      | Reached XP level 1. HP: 16/16 MP: 1/1
   103 | D:1      | Reached skill level 1 in Stealth
   103 | D:1      | Found an iron altar of Okawaru.
   106 | D:1      | Reached XP level 2. HP: 20/21 MP: 2/2
   467 | D:1      | Reached skill level 2 in Stealth
   630 | D:1      | Reached XP level 3. HP: 26/26 MP: 3/3
   721 | D:2      | Noticed Jessica
   741 | D:2      | Killed Jessica
   868 | D:2      | Reached XP level 4. HP: 21/31 MP: 4/4
   996 | D:2      | Reached skill level 3 in Stealth
  1109 | D:2      | Reached XP level 5. HP: 27/36 MP: 4/6
  1286 | D:2      | Found a hide-covered altar of Uskayaw.
  1922 | D:3      | Reached skill level 1 in Spellcasting
  2012 | D:3      | Noticed an air elemental
  2023 | D:3      | Found a stormy altar of Qazlal.
  2025 | D:3      | Noticed a fire elemental
  2026 | D:3      | Noticed a water elemental
  2065 | D:3      | Noticed a phantom
  2082 | D:3      | Killed a phantom
  2083 | D:3      | Reached skill level 4 in Stealth
  2083 | D:3      | Reached XP level 6. HP: 35/43 MP: 6/8
  2241 | D:3      | Found a shimmering altar of Xom.
  2440 | D:3      | Found a runed translucent door.
  2441 | D:3      | Noticed Crazy Yiuf
  3069 | D:4      | Found a staircase to the Ecumenical Temple.
  3084 | D:4      | Found a shimmering altar of Xom.
  3085 | D:4      | Found a shimmering altar of Xom.
  3085 | D:4      | Found a shimmering altar of Xom.
  3085 | D:4      | Found a shimmering altar of Xom.
  3086 | D:4      | Found a shimmering altar of Xom.
  3108 | Temple   | Entered the Ecumenical Temple
  3171 | Temple   | Became a worshipper of Dithmenos the Shadowed
  3215 | D:4      | Noticed a phantom
  3231 | D:4      | Killed a phantom
  3232 | D:4      | Reached skill level 5 in Stealth
  3597 | D:4      | Found a broken altar of Ashenzari.
  3781 | D:4      | You fall into a shaft and drop 2 floors!
  3798 | D:6      | Reached XP level 7. HP: 48/48 MP: 9/9
  3801 | D:6      | Noticed Grinder
  3818 | D:5      | Entered Level 5 of the Dungeon
  3822 | D:5      | Killed Grinder
  3823 | D:5      | Reached skill level 6 in Stealth
  4141 | D:6      | Found a burning altar of Makhleb.
  4141 | D:6      | Noticed an Executioner
  4148 | D:6      | Reached XP level 8. HP: 43/54 MP: 11/11
  4153 | D:6      | Reached * piety under Dithmenos
  4173 | D:6      | Reached skill level 7 in Stealth
  4223 | D:6      | Slain by a centaur

Illustrated notes

Levels and vault maps discovered:
D:1:      tarquinn_simple_flora_water_f, layout_rooms, nrook_loot_triangle,
          okawaru_ov_weapons_minmay
D:2:      cheibrodos_pilgrimage, layout_basic, general_overflow_altar,
          uniq_jessica
D:3:      layout_basic, old_standard_altar, nicolae_qazlal_style_of_elements,
          uniq_crazy_yiuf_cottage
D:4:      layout_loops_corners, lemuel_round_altar, ashenzari_altar_1,
          minitemple, minmay_temple_entry_hall, minmay_misc_feat_hallway,
          xom_redecorated
D:5:      layout_loops_corners, serial_shops, nicolae_shop_behind_doors, shop,
          kennysheep_little_box, basic_altar
D:6:      layout_rooms, makhleb_altar_promises_db, gup_sewer_entry_bubbles,
          serial_shops, shop, uniq_grinder
Temple:   nicolae_temple_x_marks_the_god

Skill      XL: |  1  2  3  4  5  6  7  8 |
---------------+-------------------------+-----
Stealth        | 1 2 3 4 5 6 7 |  7.1
Spellcasting   | 1 2 |  2.7
Short Blades   | 3 4 |  4.0
Fighting       | 4 |  4.7
Dodging        | 4 |  4.6
Shields        | 4 |  4.5

Action                   |  1- 3 |  4- 6 |  7- 9 || total
-------------------------+-------+-------+-------++-------
Melee: Rapier            |    32 |       |       ||    32
       Constrict         |    15 |    14 |    14 ||    43
       Tentacles         |     4 |    13 |    16 ||    33
       Short sword       |    11 |    85 |    75 ||   171
  Use: Scroll            |       |     8 |       ||     8
       Potion            |       |     4 |       ||     4
 Stab: Sleeping          |     6 |    18 |     1 ||    25
Armor: Skin              |     3 |       |     2 ||     5
Dodge: Dodged            |    12 |    13 |    18 ||    43
Block: Kite shield       |    10 |    16 |    23 ||    49
